 Dungeon Crawl Stone Soup version 0.23.1 (webtiles) character file.

Game seed: 18154576270102738143

107 Borgoz the Sneak (level 4, -5/35 HPs)
             Began as a Ghoul Enchanter on Mar 5, 2019.
             Slain by Natasha (8 damage)
             ... on level 2 of the Dungeon.
             The game lasted 00:05:24 (2842 turns).

Borgoz the Sneak (Ghoul Enchanter)                  Turns: 2842, Time: 00:05:25

Health: -5/35      AC:  5    Str: 16    XL:     4   Next: 86%
Magic:  0/6        EV: 12    Int: 10    God:
Gold:   133        SH:  0    Dex: 10    Spells: 1/7 levels left

rFire    . . .     SeeInvis .   i - +0 dagger (vamp)
rCold    + . .     Gourm    .   (no shield)
rNeg     + + +     Faith    .   j - +2 animal skin
rPois    ∞         Spirit   .   m - +0 helmet
rElec    .         Reflect  .   (no cloak)
rCorr    .         Harm     .   (no gloves)
MR       .....                  (no boots)
Stlth    ++........             (no amulet)
HPRegen  0.00/turn              l - +5 ring of strength
MPRegen  0.10/turn              (no ring)

@: rotting
A: rotting body, claws 1, carnivore, cold resistance 1, negative energy
resistance 3, inhibited regeneration, torment resistance, unbreathing
a: no special abilities


You were on level 2 of the Dungeon.
You were not hungry.

You visited 1 branch of the dungeon, and saw 2 of its levels.

You collected 133 gold pieces.

Inventory:

Hand Weapons
 i - a +0 vampiric dagger (weapon)
Armour
 j - a +2 animal skin (worn)
 m - a +0 helmet (worn)
Jewellery
 l - a +5 ring of strength (left claw)
Scrolls
 a - a scroll of identify {unknown}
 c - a scroll of magic mapping {unknown}
 e - 2 scrolls of remove curse {unknown}
 f - a scroll of immolation {unknown}
 h - a scroll of teleportation {unknown}
 k - a scroll of enchant armour {unknown}
Comestibles
 d - a ration


   Skills:
 + Level 1.1 Fighting
 * Level 1.8 Short Blades
 + Level 1.0 Armour
 * Level 2.5 Dodging
 + Level 3.6 Stealth
 + Level 2.0 Spellcasting
 * Level 2.9 Hexes


You had one spell level left.
You knew the following spells:

 Your Spells              Type           Power        Failure   Level  Hunger
a - Corona                Hex            #......      10%         1    ##.....
b - Ensorcelled Hibernat  Hex/Ice        #.....       26%         2    ###....
c - Confuse               Hex            #.......     28%         3    ####...

Your spell library contained the following spells:

 Spells                   Type           Power        Failure   Level  Hunger
 Tukima's Dance           Hex            #.......     28%         3    ####...
 Dazzling Spray           Conj/Hex       #.....       45%         3    ####...


Dungeon Overview and Level Annotations

Branches:
Dungeon (2/15)

Altars:

Annotations:
D:2 Natasha


Innate Abilities, Weirdness & Mutations

Your body is rotting away.
You thrive on raw meat.
You are immune to poison.
You have sharp fingernails.
You are carnivorous and can eat meat at any time.
Your flesh is cold resistant. (rC+)
You are immune to negative energy. (rN+++)
You do not regenerate when monsters are visible.
You are immune to unholy pain and torment.
You can survive without breathing.


Message History

Natasha easily resists.
Natasha stares at you and mumbles some strange words.
The magic dart hits you. The crimson imp closely misses you.
You barely miss Natasha. Natasha casts a spell at you. The magic dart hits you.
The iron imp closely misses you.
You hit Natasha but do no damage.
The crimson imp grinds its teeth.
The crimson imp hits you but does no damage.
Natasha stares at you and mumbles some strange words.
The magic dart hits you. The iron imp hits you!
* * * LOW HITPOINT WARNING * * *
Okay, then.
You aren't carrying any potions.
You closely miss Natasha.
The crimson imp summons a swarm of flies.
The crimson imp hits you.
* * * LOW HITPOINT WARNING * * *
Natasha claws you!
You die...

#......#...#...
###..#...#.#.##
#......#.#.# ##.#####.#.##
###### #.# #.#.#.
####....# #.# #.#.#.
##.##.##.#####[#####.#.#.
##...#....##.......##.#.#.
#...>...h@.#.#......).#...
##...#..55)).......#####..
##.##.....#.#...#.# #..
#.##....##.......# #..
#.##########...### #..
###.### #...## #.# #.....#
#...# #.# #....## #...#
#.# #....# #...# #.#


You could see an iron imp, Natasha and a crimson imp.

Vanquished Creatures
  Natasha (D:2)
  Robin (D:2)
  An adder (D:2)
  An ooze (D:2)
  A worm (D:2)
  A dart slug (D:2)
  2 leopard geckos
  A ball python (D:1)
  5 bats
  3 giant cockroaches
  16 goblins
  2 hobgoblins
  7 kobolds
  5 frilled lizards
  4 rats
51 creatures vanquished.

Notes
Turn   | Place    | Note
-------+----------+-------------------------------------------
     0 | D:1      | Borgoz the Ghoul Enchanter began the quest for the Orb.
     0 | D:1      | Reached XP level 1. HP: 14/14 MP: 2/2
   132 | D:1      | Reached skill level 1 in Short Blades
   388 | D:1      | Reached XP level 2. HP: 14/17 MP: 1/3
   396 | D:1      | Learned a level 2 spell: Ensorcelled Hibernation
  1228 | D:2      | Reached XP level 3. HP: 27/27 MP: 4/4
  1475 | D:2      | Learned a level 3 spell: Confuse
  2054 | D:2      | Noticed Robin
  2107 | D:2      | Reached XP level 4. HP: 27/34 MP: 6/6
  2283 | D:2      | Killed Robin
  2283 | D:2      | Reached skill level 1 in Fighting
  2465 | D:2      | Reached skill level 1 in Armour
  2595 | D:2      | Noticed Natasha
  2605 | D:2      | Killed Natasha
  2834 | D:2      | Noticed Natasha
  2842 | D:2      | Slain by Natasha

Skill      XL: |  1  2  3  4 |
---------------+-------------+-----
Short Blades   | 1 |  1.8
Dodging        | 2 |  2.5
Spellcasting   | 2 |  2.0
Fighting       | 1 |  1.1
Armour         | 1 |  1.0
Stealth        | |  3.6
Hexes          | |  2.9

Action                   |  1- 3 |  4- 6 || total
-------------------------+-------+-------++-------
Melee: Dagger            |   189 |    69 ||   258
 Cast: Corona            |     6 |       ||     6
       Ensorcelled Hiber |     4 |     7 ||    11
  Use: Potion            |       |     1 ||     1
 Stab: Sleeping          |    11 |     2 ||    13
       Distracted        |     1 |       ||     1
       Invisible         |       |     1 ||     1
  Eat: Chunk             |    11 |     4 ||    15
Armor: Robe              |    29 |       ||    29
       Leather armour    |     6 |     4 ||    10
       Animal skin       |       |     5 ||     5
Dodge: Dodged            |   132 |    39 ||   171
